AoeStats
← Berkecan

Black Forest

510606648Analyzed
3v3 RM · 13h ago on Oct 1, 2026· 73m 17s· 6 players
Game mode
Random Map
Map size
Normal (6 player)
Population
200
Speed
Normal
Resources
Standard
Victory
Conquest
Starting age
Dark Age
Ending age
Imperial Age
RankedLock teamsTeams togetherTeam positionsShared explorationLock speedFull tech treeHidden civsTurbo modeCheats
Victory
Defeat
🇮🇳 Malay · India
549
+20
🇷🇴 Britons · Romania
520
+21
🇹🇷 Bulgarians · Türkiye
434
+24
🇵🇪 Vietnamese · Peru
740
-25
🇧🇷 Koreans · Brazil
586
-20
🇪🇸 Portuguese · Spain
584
-20
Berkecan
19:07 Feudal Age
25:20 Horse Collar
27:31 Gold Mining
28:36 Double-Bit Axe
29:43 Stone Mining
33:01 Castle Age
34:01 Thumb Ring
34:02 Husbandry
36:21 Gold Shaft Mining
35:53 Heavy Plow
36:06 Bow Saw
39:03 Stone Mining
39:42 Gambesons
40:10 Loom
49:37 Imperial Age
49:43 Capped Ram
56:24 Wheelbarrow
55:35 Town Watch
57:26 Stirrups
57:04 Siege Ram
58:58 Forging
58:24 Elite Konnik
59:36 Hand Cart
59:24 Town Patrol
60:21 Forging
60:11 Scale Mail Armor
60:16 Scale Barding Armor
60:12 Padded Archer Armor
60:03 Fletching
59:39 Pikeman
60:19 Squires
60:48 Bagains
61:10 Conscription
61:07 Caravan
61:52 Stone Shaft Mining
65:24 Iron Casting
65:04 Chain Mail Armor
65:10 Chain Barding Armor
65:06 Leather Archer Armor
64:46 Bodkin Arrow
67:50 Plate Mail Armor
67:56 Plate Barding Armor
68:22 Blast Furnace
67:00 Spies/Treason
68:08 Onager
69:47 Coinage
70:16 Siege Onager
71:11 Bracer
70:34 Halberdier
70:59 Arson
70:38 Heavy Cavalry Archer
71:43 Parthian Tactics
70:41 Elite Skirmisher
71:29 Devotion
71:54 Illumination
71:40 Fervor
72:10 Banking
craciunvladut3
14:50 Feudal Age
15:03 Loom
15:12 Horse Collar
15:20 Double-Bit Axe
16:48 Wheelbarrow
22:24 Castle Age
23:21 Hand Cart
26:16 Fletching
26:26 Padded Archer Armor
26:28 Gold Mining
26:28 Stone Mining
26:40 Heavy Plow
27:09 Bow Saw
29:14 Gold Shaft Mining
32:02 Yeomen
38:00 Imperial Age
38:10 Leather Archer Armor
37:50 Bodkin Arrow
38:11 Leather Archer Armor
37:51 Bodkin Arrow
39:14 Ring Archer Armor
39:18 Coinage
38:48 Caravan
39:05 Warwolf
40:13 Elite Longbowman
41:50 Bracer
42:37 Ballistics
43:17 Chemistry
61:11 Sanctity
60:53 Devotion
61:20 Illumination
61:10 Block Printing
60:51 Herbal Medicine
61:32 Theocracy
63:51 Faith
63:30 Herbal Medicine
64:44 Theocracy
65:08 Fervor
Unguru
19:20 Feudal Age
21:05 Horse Collar
21:13 Double-Bit Axe
22:00 Stone Mining
22:03 Gold Mining
28:07 Castle Age
29:28 Bow Saw
29:21 Heavy Plow
37:52 Imperial Age
38:16 Caravan
38:30 Guilds
40:27 Chemistry
43:19 Scale Barding Armor
43:25 Forging
43:51 Crop Rotation
44:39 Elite Battle Elephant
50:14 Iron Casting
spam
0:49 Loom
14:23 Feudal Age
16:41 Wheelbarrow
16:22 Horse Collar
16:32 Double-Bit Axe
26:53 Castle Age
24:53 Stone Mining
24:54 Gold Mining
27:57 Hand Cart
33:32 Heavy Plow
33:51 Bow Saw
34:21 Fervor
38:02 Caravan
38:32 Coinage
38:45 Scale Barding Armor
38:41 Padded Archer Armor
42:18 Imperial Age
40:07 Scale Mail Armor
40:23 Leather Archer Armor
42:34 Onager
44:50 Chemistry
44:01 Fortified Wall
44:02 Masonry
45:44 Two-Man Saw
46:49 Banking
48:01 Elite Organ Gun
58:54 Husbandry
hikary1404
0:32 Loom
19:07 Feudal Age
19:56 Horse Collar
20:05 Double-Bit Axe
23:13 Gold Mining
24:07 Stone Mining
32:38 Castle Age
32:39 Forging
34:25 Bloodlines
34:27 Treadmill Crane
35:22 Fortified Wall
36:13 Bow Saw
38:26 Husbandry
38:58 Town Watch
39:50 Wheelbarrow
39:32 Padded Archer Armor
40:41 Murder Holes
40:55 Fletching
43:16 Leather Archer Armor
42:56 Bodkin Arrow
48:07 Imperial Age
48:37 Scale Barding Armor
49:54 Chemistry
51:20 Hoardings
51:46 Iron Casting
52:03 Ballistics
51:55 Masonry
el forasteiro
9:32 Loom
17:40 Feudal Age
18:45 Arson
18:23 Man-at-Arms
20:10 Wheelbarrow
19:21 Town Watch
19:25 Double-Bit Axe
26:57 Castle Age
25:09 Horse Collar
25:50 Gold Mining
27:46 Fletching
28:01 Town Patrol
28:21 Bow Saw
28:27 Hand Cart
28:39 Heavy Plow
29:22 Bodkin Arrow
29:38 Forging
29:20 Pikeman
30:01 Squires
30:11 Pikeman
30:52 Squires
34:12 Stone Mining
34:57 Gold Shaft Mining
36:33 Fervor
39:25 Ballistics
39:00 Treadmill Crane
40:40 Iron Casting
44:48 Imperial Age
44:59 Imperial Age
43:24 Stone Shaft Mining
43:25 Eupseong
46:29 Bracer
48:09 Chemistry
49:45 Arrowslits
49:31 Elite War Wagon
Connection lost

Rejoining the realm…

Still unreachable

The connection could not be restored.

Session expired

The server has moved on; the page needs a fresh start.